 Dungeon Crawl Stone Soup version 0.26-a0-651-gb41185065b (webtiles) character file.

Game seed: 14239369983568455574

(classic levelgen) 3146 EnegeticOcto the Cleaver (level 9, -2/84 HPs)
             Began as a Deep Dwarf Fighter on Oct 13, 2020.
             Was a Believer of Makhleb.
             Slain by an orc knight
             ... wielding a +0 glaive
              (10 damage)
             ... in a bailey.
             The game lasted 00:02:46 (3201 turns).

EnegeticOcto the Cleaver (Deep Dwarf Fighter)       Turns: 3201, Time: 00:02:47

Health: -2/84      AC: 13    Str: 24    XL:     9   Next: 62%
Magic:  9/9        EV:  6    Int:  8    God:    Makhleb [**....]
Gold:   296        SH: 10    Dex:  7    Spells: 8/8 levels left

rFire    + . .     SeeInvis .   a - +2 war axe (elec)
rCold    + . .     Faith    .   c - +0 kite shield
rNeg     . . .     Spirit   .   w - +0 chain mail
rPois    +         Reflect  .   (no helmet)
rElec    +         Harm     .   s - +2 cloak
rCorr    .         Rampage  .   (no gloves)
MR       ++...                  (no boots)
Stlth    ..........             (no amulet)
HPRegen  0.00/turn              p - ring of Gienupor {rElec rPois rC+ MR+ Dex-5, =R}
MPRegen  0.11/turn              i - ring of protection from fire

@: mighty, very slightly contaminated, non-regenerating, invisible
A: damage resistance, heal wounds, sense surroundings 2, no regeneration
a: Heal Wounds, Minor Destruction, Renounce Religion


You were in a bailey.
You worshipped Makhleb.
Makhleb was pleased with you.
You visited 1 branch of the dungeon, and saw 7 of its levels.
You also visited: Bailey.

You collected 296 gold pieces.

Inventory:

Hand Weapons
 a - a +2 war axe of electrocution (weapon)
Armour
 b - a +0 scale mail
 c - a +0 kite shield (worn)
 d - a +0 plate armour
 s - a +2 cloak (worn)
 w - a +0 chain mail (worn)
Jewellery
 i - a ring of protection from fire (right hand)
 p - the ring of Gienupor (left hand) {rElec rPois rC+ MR+ Dex-5, =R}
   (You found it on level 4 of the Dungeon)

   [ring of protection from cold]

   It affects your dexterity (-5).
   It protects you from cold.
   It insulates you from electricity.
   It protects you from poison.
   It affects your resistance to hostile enchantments.
 u - a cursed ring of teleportation {unknown}
Scrolls
 e - 5 scrolls of teleportation {@r3}
 f - 2 scrolls of blinking {unknown}
 g - a scroll of identify {@r1}
 h - 2 scrolls of enchant armour
 k - a scroll of immolation {@r4}
 l - a scroll of remove curse {@r2}
 n - a scroll of fog {unknown}
 o - 3 scrolls of fear
Potions
 j - 2 potions of lignification
 q - a potion of curing {@q1}
 r - 2 potions of brilliance
 v - a potion of cancellation


   Skills:
 * Level 6.3 Fighting
 * Level 8.8 Axes
 + Level 6.8 Armour
 + Level 6.8 Shields
 + Level 6.2 Invocations


You had 8 spell levels left.
You didn't know any spells.
Your spell library was empty.

Dungeon Overview and Level Annotations

Branches:
Dungeon (7/15)             Temple (0/1) D:5          Bailey (1/1)

Altars:
Ashenzari
Cheibriados
Fedhas
Gozag
Kikubaaqudgha
Makhleb
Vehumet
Zin

Shops:
D:4 *


Innate Abilities, Weirdness & Mutations

You are resistant to damage.
You can heal yourself by infusing magical energy.
You passively map the area around you.
You do not regenerate.


Message History

You are too injured to fight recklessly!
You are too injured to fight recklessly!
You are too injured to fight recklessly!
You are too injured to fight recklessly!
You are too injured to fight recklessly!
Your magical essence is drained by the effort!
You feel much better.
The orc warrior no longer looks unusually strong.
The orc warrior shoots a bolt.
The bolt hits you!
The orc warrior shoots a bolt.
You block the bolt.
The orc warrior hits you with a +0 halberd!
You are too injured to fight recklessly!
You are too injured to fight recklessly!
You feel much better.
The orc warrior hits you with a +0 halberd.
The orc warrior shoots a bolt.
The bolt hits you!!
The orc warrior shoots a bolt.
The bolt barely misses you.
You slash the orc warrior!
You kill the orc warrior!
Makhleb accepts your kill.
You feel better.
The orc warrior no longer looks unusually strong.
The orc warrior shoots a bolt.
You block the bolt.
The orc warrior shoots a bolt.
The bolt hits you!
Items here: ( ) [ †.
You feel much better.
The orc warrior shoots a bolt.
The bolt hits you but does no damage.
The orc warrior shoots a bolt.
The bolt completely misses you.
The orc warrior shoots a bolt.
The bolt hits you.
Things that are here:
a bolt; a +0 halberd; a +0 chain mail The orc warrior shoots a bolt.
The bolt hits you but does no damage.
There is an empty arch of ancient stone, spattered with blood here.
You see here a bolt.
Okay, then.
As you read the scroll of identify {@r1}, it crumbles to dust.
e - 5 scrolls of teleportation The orc no longer looks unusually strong.
There is a gate leading back out of this place, spattered with blood here.
You fade into invisibility!
You are very lightly contaminated with residual magic.
The orc warrior shoots a bolt.
You block the bolt.
The orc warrior shoots a bolt.
The bolt hits you!
Things that are here:
2 bolts; a +0 glaive; a +0 plate armour
d - a +0 plate armour The orc warrior shoots a bolt.
The bolt hits you but does no damage.
The orc warrior shoots a bolt.
You block the bolt.
Your magical essence is drained by the effort!
You feel much better.
The orc warrior shoots a bolt.
You block the bolt.
You see here a bolt.
The orc warrior shoots a bolt.
You block the bolt.
The orc jeers noisily.
You see here a bolt.
The orc warrior shoots a bolt.
As you open the door, it creaks loudly!
An orc warrior and an orc knight come into view.
The orc warrior shouts!
You block the orc's attack.
The orc warrior moves out of view.
The orc knight moves out of view.
Found an ichor-stained cloak and 164 gold pieces.
An orc warrior comes into view. It is wielding a +0 halberd.
The orc warrior shouts!
The orc knight shouts!
The orc warrior shouts!
Found a phial of floods.
There is an open door here.
The orc warrior shouts!
The orc knight shouts!
The orc warrior shouts!
The orc warrior shoots a bolt.
The bolt hits you!
You see here a bolt.
You hit the orc knight.
The orc knight is lightly wounded.
You catch the helpless orc warrior completely off-guard!
You hit the orc warrior but do no damage.
You strike the helpless orc warrior from behind!
You slash the orc warrior!
Lightning courses through the orc warrior!!
You kill the orc warrior!
Makhleb accepts your kill.
The orc knight shouts!
The orc warrior barely misses you.
The orc warrior shoots a bolt.
You block the bolt.
The orc knight hits you with a +0 glaive!!
You strike the helpless orc knight from behind!
You slice the orc knight!!
The orc knight is moderately wounded.
You completely miss the orc warrior.
The orc warrior hits you with a +0 glaive!
* * * LOW HITPOINT WARNING * * *
You are too injured to fight recklessly!
You feel much better.
The orc knight hits you but does no damage.
The orc warrior hits you with a +0 glaive!!
You close the door.
The orc knight roars a battlecry!
The orc warrior goes into a battle-frenzy!
The orc warrior hits you with a +0 glaive!!
* * * LOW HITPOINT WARNING * * *
You fail to use your ability.
The orc knight hits you with a +0 glaive!
You die...

## ###
##.###########∩## ##
#$..##.....##.((##..
#...#..≈≈≈..#(((#..≈
#[oo#.≈≈o≈≈.(...(.≈≈
#..@+.≈oo.≈.....).≈o
#..)#.≈≈o≈≈(......≈≈
#}..#..≈≈≈..#...#..≈
#...##.....##...##..
##.###########∩## ##
##* ###


You could see an orc knight and an orc warrior (strong).

Vanquished Creatures
  Pikel (D:4)
  An orc knight (Bailey)
  Grinder (D:5)
  Eustachio (D:4)
  Duvessa (D:4)
  3 sky beasts
  4 orc warriors (Bailey)
  A phantom (D:4)
  An eye of draining (D:6)
  A centaur (D:6)
  Blork the orc (D:4)
  Dowan (D:4)
  3 scorpions
  3 wights (D:6)
  A howler monkey (D:6)
  A crimson imp (D:4)
  An orc priest (D:6)
  A centaur skeleton (D:4)
  Crazy Yiuf (D:4)
  3 orc wizards
  3 worker ants
  A hound skeleton (D:4)
  3 gnolls (D:2)
  8 adders
  2 white imps
  3 oozes
  4 worms
  A dart slug (D:5)
  2 leopard geckos
  10 orcs
  3 bats
  8 goblins
  6 hobgoblins
  6 jackals
  4 kobolds (D:1)
  2 quokkas
  A ball python skeleton (D:4)
  4 frilled lizards
  6 rats
108 creatures vanquished.

Vanquished Creatures (others)
  2 plants (D:5)
2 creatures vanquished.

Grand Total: 110 creatures vanquished

Notes
Turn   | Place    | Note
-------+----------+-------------------------------------------
     0 | D:1      | EnegeticOcto the Deep Dwarf Fighter began the quest for the
                  | Orb.
     0 | D:1      | Reached XP level 1. HP: 20/20 MP: 1/1
   118 | D:1      | Reached XP level 2. HP: 22/27 MP: 2/2
   435 | D:2      | Reached skill level 3 in Axes
   435 | D:2      | Reached XP level 3. HP: 17/34 MP: 3/3
   486 | D:2      | Reached XP level 4. HP: 20/42 MP: 4/4
   498 | D:2      | Found a snail-covered altar of Cheibriados.
   499 | D:2      | Found an ancient bone altar of Kikubaaqudgha.
   499 | D:2      | Found a broken altar of Ashenzari.
   500 | D:2      | Found a blossoming altar of Fedhas.
   812 | D:4      | Found a runed translucent door.
   813 | D:4      | Noticed Crazy Yiuf
   844 | D:4      | Noticed Blork the orc
   854 | D:4      | Killed Blork the orc
   854 | D:4      | Reached skill level 4 in Axes
   854 | D:4      | Reached XP level 5. HP: 35/49 MP: 5/5
   868 | D:4      | Found a radiant altar of Vehumet.
   868 | D:4      | Found a burning altar of Makhleb.
   900 | D:4      | Became a worshipper of Makhleb the Destroyer
   935 | D:4      | Noticed a lemure
   936 | D:4      | Noticed a lemure
   936 | D:4      | Noticed a lemure
   937 | D:4      | Noticed Pikel
   938 | D:4      | Noticed Duvessa
   939 | D:4      | Noticed a lemure
   941 | D:4      | Noticed Dowan
   955 | D:4      | Killed Pikel
   955 | D:4      | Reached skill level 5 in Axes
   955 | D:4      | Reached XP level 6. HP: 44/57 MP: 5/8
   955 | D:4      | Reached XP level 7. HP: 50/64 MP: 5/9
   961 | D:4      | Killed Duvessa
   961 | D:4      | Reached skill level 5 in Armour
   961 | D:4      | Reached skill level 5 in Shields
   975 | D:4      | Killed Dowan
   975 | D:4      | Reached skill level 6 in Axes
  1183 | D:4      | Reached XP level 8. HP: 50/73 MP: 10/10
  1242 | D:4      | Noticed Eustachio
  1276 | D:4      | Killed Eustachio
  1280 | D:4      | Found Zin's Purification Station.
  1282 | D:4      | Found a glowing silver altar of Zin.
  1283 | D:4      | Got a vibrating lapis lazuli ring
  1568 | D:4      | Killed Crazy Yiuf
  1576 | D:4      | Identified the ring of Gienupor {rElec rPois rC+ MR+ Dex-5}
                  | (You found it on level 4 of the Dungeon)
  1623 | D:5      | Entered Level 5 of the Dungeon
  1797 | D:5      | Reached * piety under Makhleb
  1861 | D:5      | Found a staircase to the Ecumenical Temple.
  1915 | D:5      | Reached skill level 7 in Axes
  2182 | D:5      | Noticed Grinder
  2200 | D:5      | Killed Grinder
  2200 | D:5      | Reached skill level 5 in Fighting
  2606 | D:6      | Reached skill level 5 in Invocations
  2616 | D:6      | Gained mutation: You passively map the area around you.
                  | [Deep Dwarf growth]
  2616 | D:6      | Reached XP level 9. HP: 38/81 MP: 12/12
  2651 | D:6      | Reached skill level 8 in Axes
  2914 | D:6      | Found an opulent altar of Gozag.
  3127 | D:7      | Found a flagged portal.
  3147 | Bailey   | Entered a bailey
  3151 | Bailey   | Noticed an orc knight
  3166 | Bailey   | Killed an orc knight
  3166 | Bailey   | Reached ** piety under Makhleb
  3194 | Bailey   | Noticed an orc knight
  3201 | Bailey   | Slain by an orc knight

Illustrated notes

Levels and vault maps discovered:
D:1:      evilmike_arrival_hilbert_curve, layout_loops_ring
D:2:      layout_basic, nicolae_overflow_hidden_temple,
          chequers_temple_overflow_statue_of_worship, minmay_misc_feat_rows
D:3:      layout_loops_ring, lemuel_crystal_altar, guppyfry_early_orc_mine
D:4:      minmay_wonky_spiral, layout_basic,
          grunt_temple_overflow_lords_of_destruction, zin_purify,
          chequers_hall_statues_corner_a, uniq_duvessa, uniq_pikel,
          uniq_blork_the_orc, uniq_eustachio, uniq_crazy_yiuf_cottage
D:5:      layout_basic, minmay_temple_entry_gardened_gates, uniq_grinder
D:6:      layout_rooms, kennysheep_mini_moat
D:7:      layout_rooms, lemuel_crystal_altar,
          yredelemnul_forgotten_temple_becter, nicolae_overflow_crystal_walls,
          old_standard_altar, enter_bailey_2, nemelex_xobeh_ov_fountains_minmay,
          uniq_menkaure
Bailey:   bailey_polearm_4, bailey

Skill      XL: |  1  2  3  4  5  6  7  8  9 |
---------------+----------------------------+-----
Fighting       | 3 4 5 6 |  6.3
Axes           | 3 4 5 6 7 8 |  8.8
Armour         | 4 5 6 |  6.8
Shields        | 4 5 6 |  6.8
Invocations    | 2 3 5 6 |  6.2

Action                   |  1- 3 |  4- 6 |  7- 9 || total
-------------------------+-------+-------+-------++-------
Melee: War axe           |    84 |   107 |   344 ||   535
 Abil: Heal Wounds       |     1 |     2 |    18 ||    21
  Use: Scroll            |       |       |    15 ||    15
       Potion            |       |       |     2 ||     2
 Stab: Invisible         |       |       |     3 ||     3
Armor: Scale mail        |    37 |    36 |   159 ||   232
       Chain mail        |       |       |    11 ||    11
Dodge: Dodged            |    27 |    36 |   114 ||   177
Block: Kite shield       |    54 |    53 |   198 ||   305

Table legend: (Time is in decaauts)
 A = Elapsed time spent in this place.
 B = Non-inter-level travel time spent in this place.
 C = Inter-level travel time spent in this place.
 D = Time resting spent in this place.
 E = Time spent auto-exploring this place.
 F = Levels seen in this place.
 G = Mean time per level.
                   A        B        C        D        E       F      G
               +--------+--------+--------+--------+--------+-----+--------+
         Total |   3355 |   3167 |    188 |      0 |   2119 |   8 |  419.4 |
       Dungeon |   3299 |   3111 |    188 |      0 |   2119 |   7 |  471.3 |
        Bailey |     55 |     55 |      0 |      0 |      0 |   1 |   55.0 |
               +--------+--------+--------+--------+--------+-----+--------+

Top non-repeatable levels by time:
     D:5: 926 daAuts
     D:4: 895 daAuts
     D:6: 622 daAuts
     D:2: 431 daAuts
     D:1: 349 daAuts
  Bailey: 55 daAuts
     D:3: 51 daAuts
     D:7: 21 daAuts
